 Dungeon Crawl Stone Soup version 0.29.1-12-g30fa7ad0bf (webtiles) character file.

Game seed: 17576631264434169203

12 hawla the Gusty (level 2, 0/20 HPs)
             Began as a Meteoran Air Elementalist on Dec 24, 2022.
             Slain by Terence
             ... wielding a +0 falchion
              (4 damage)
             ... on level 2 of the Dungeon.
             The game lasted 00:01:52 (150 turns).

hawla the Gusty (Meteoran Air Elementalist)          Turns: 150, Time: 00:01:52

Health: 0/20       AC:  2    Str:  9    XL:     2   Next: 64%
Magic:  1/7        EV: 12    Int: 16    God:
Gold:   0          SH:  0    Dex: 14    Spells: 4/7 levels left

rFire   . . .      SeeInvis .   (no weapon)
rCold   . . .      Faith    .   (no shield)
rNeg    . . .      Spirit   .   a - +0 robe
rPois   .          Reflect  .   (no helmet)
rElec   .          Harm     .   (no cloak)
rCorr   .          Rampage  .   (no gloves)
Will    .....                   (no boots)
Stlth   +.........              (no amulet)
HPRegen 0.06/turn               (no ring)
MPRegen 0.10/turn               (no ring)

@: very slightly contaminated, glowing
A: sense surroundings 1, otherworldly, glowing, explore regen
a: no special abilities


You were on level 2 of the Dungeon.
You visited 1 branch of the dungeon, and saw 2 of its levels.

Inventory:

Armour
 a - a +0 robe (worn)
Potions
 b - a potion of magic
 d - a potion of heal wounds {unknown}


   Skills:
 + Level 2.5 Dodging
 - Level 1.4 Stealth
 + Level 3.1 Spellcasting
 + Level 1.3 Conjurations
 + Level 4.0 Air Magic


You had 4 spell levels left.
You knew the following spells:

 Your Spells              Type           Power      Damage    Failure   Level
a - Shock                 Conj/Air       44%        1d5       6%          1
b - Static Discharge      Conj/Air       11%        3-5/arc   10%         2

Your spell library contained the following spells:

 Spells                   Type           Power      Damage    Failure   Level
 Swiftness                Air            15%        N/A       11%         3
 Airstrike                Air            7%         2d(2-18)  34%         4


Dungeon Overview and Level Annotations

Branches:
Dungeon (2/15) Zot: 1048

Altars:

Annotations:
D:2 Terence


Innate Abilities, Weirdness & Mutations

You passively map a small area around you.
You are easily found by Zot.
You glow in the dark.
You regain HP and MP as you explore.


Message History

Terence the Incautious comes into view.
He is wielding a +0 falchion.
Terence shouts!
There is an open door here.
You aren't carrying any scrolls.
The worm bites you.
You see here a scroll labelled MEMEOV LIRA.
e - a scroll labelled MEMEOV LIRA
As you read the scroll labelled MEMEOV LIRA, it crumbles to dust.
It is a scroll of identify.
c - a potion of degeneration Autopickup disabled for potions of degeneration.
You drop a potion of degeneration.
The worm bites you.
Found a faded altar of an unknown god.
Terence bares his teeth.
A bat comes into view.
Terence barely misses you.
Casting: Shock (safe; 6% risk of failure)
Confirm with . or Enter, or press ? or * to list all spells.
Terence is struck by an arc of lightning!
Terence is heavily wounded.
You are struck by an arc of lightning.
The lightning grounds out.
The bat hits you. Terence hits you with a +0 falchion!
Unknown command.
Casting: Static Discharge (safe; 10% risk of failure)
Confirm with . or Enter, or press ? or * to list all spells.
You miscast Static Discharge.
You are very lightly contaminated with residual magic.
Nothing appears to happen.
The bat hits you but does no damage. The bat hits you.
Terence barely misses you.
Unknown command.
Casting: Static Discharge (safe; 10% risk of failure)
Confirm with . or Enter, or press ? or * to list all spells.
Terence is struck by an arc of lightning!
Terence is severely wounded.
You are struck by an arc of lightning.
* * * LOW HITPOINT WARNING * * *
The lightning grounds out.
The bat hits you but does no damage. Terence hits you with a +0 falchion.
You die...

#,,#.#.# #...##....# ,
..#.# ##......... ,
...#.############.###.#...
......._............[..†...
* ....##.#
#..........###+#...
.....+..#
#.................. ,,
#..................
#................## , *
#.@@..w.........!..
........b.......######.##
............##### #...
............#* ####
.............#
,.............#
.............# *
..#####......# *


You could see Terence, a worm and a bat.

Vanquished Creatures
  A worm (D:2)
  3 goblins
  2 jackals (D:2)
  A bat (D:2)
  2 rats
9 creatures vanquished.

Notes
Turn   | Place    | Note
-------+----------+-------------------------------------------
     0 | D:1      | hawla the Meteoran Air Elementalist began the quest for the
                  | Orb.
     0 | D:1      | Reached XP level 1. HP: 14/14 MP: 5/5
    55 | D:2      | Reached XP level 2. HP: 18/20 MP: 4/7
    58 | D:2      | Learned a level 2 spell: Static Discharge
    91 | D:2      | Reached skill level 4 in Air Magic
   119 | D:2      | Noticed Terence
   141 | D:2      | Found a faded altar of an unknown god.
   150 | D:2      | Slain by Terence

Illustrated notes

Levels and vault maps discovered:
D:1:      co_arrival_hexagon_in_a_hexagon, layout_basic, serial_shops, shop,
          kennysheep_nondescript, chequers_garden, minmay_misc_feat_square,
          hangedman_decor_riveting
D:2:      layout_basic, basic_altar, basic_ecumenical_altar, st_stairs_1,
          uniq_terence

Skill      XL: |  1  2 |
---------------+-------+-----
Spellcasting   | 3 |  3.1
Air Magic      | 4 |  4.0
Dodging        | |  2.5
Stealth        | |  1.4
Conjurations   | |  1.3

Action                   || total
-------------------------++-------
Melee: Unarmed           ||     6
 Cast: Shock             ||    19
       Static Discharge  ||     4
  Use: Scroll            ||     1
Armor: Robe              ||     6
Dodge: Dodged            ||     6
